 Dungeon Crawl Stone Soup version 0.28-a0-1159-g27aa881441 (webtiles) character file.

Game seed: 15437884594228364371

42708 snarfax the Severer (level 13, -1/199 HPs)
             Began as a Deep Dwarf Berserker on Dec 12, 2021.
             Was a Priest of Trog.
             Killed from afar by a rime drake (24 damage)
             ... with a flash freeze
             ... on level 5 of the Lair of Beasts on Dec 15, 2021.
             The game lasted 01:13:19 (13797 turns).

snarfax the Severer (Deep Dwarf Berserker)         Turns: 13797, Time: 01:13:19

Health: -1/199     AC: 17    Str: 26    XL:     13   Next: 86%
Magic:  0/0        EV: 11    Int:  8    God:    Trog [***...]
Gold:   800        SH: 10    Dex: 14    Spells: 14/14 levels left

rFire   . . .      SeeInvis +   q - +11 war axe of Geroamm {vorpal, rPois rCorr Dex+2 SInv}
rCold   . . .      Faith    .   h - +0 kite shield
rNeg    . . .      Spirit   .   m - +0 plate armour
rPois   +          Reflect  .   n - +0 helmet
rElec   .          Harm     .   (no cloak)
rCorr   +          Rampage  .   (no gloves)
Will    +....                   B - +0 pair of boots
Stlth   ..........              (no amulet)
HPRegen 0.00/turn               I - +4 ring of evasion
MPRegen 0.07/turn               E - +4 ring of slaying

@: berserking, very quick
A: damage resistance, heal wounds, sense surroundings 2, no regeneration
a: Heal Wounds, Renounce Religion, Berserk, Trog's Hand


You were on level 5 of the Lair of Beasts.
You worshipped Trog.
Trog was most pleased with you.
You visited 2 branches of the dungeon, and saw 19 of its levels.
You also visited: Ossuary.

You collected 2098 gold pieces.
You spent 1298 gold pieces at shops.

Inventory:

Hand Weapons
 b - a +1 hand axe of flaming
 p - the +3 hand axe of Meohas {protect, rC+ rN+}
   (You bought it in a shop on level 6 of the Dungeon)

   It grants its wielder temporary protection when it strikes (+7 to AC).
   rC:        It protects you from cold.
   rN:        It protects you from negative energy.
 q - the +11 war axe of Geroamm (weapon) {vorpal, rPois rCorr Dex+2 SInv}
   (You found it on level 6 of the Dungeon)

   It inflicts extra damage upon your enemies.
   Dex:       It affects your dexterity (+2).
   rPois:     It protects you from poison.
   SInv:      It lets you see invisible.
   rCorr:     It protects you from acid and corrosion.
 O - a +6 antimagic battleaxe
Missiles
 c - 19 boomerangs
 d - 4 atropa-tipped darts
 f - 514 stones
 l - 11 poisoned darts (quivered)
 y - a throwing net
 A - a curare-tipped dart
 P - 6 javelins
Armour
 h - a +0 kite shield (worn)
 m - a +0 plate armour (worn)
 n - a +0 helmet (worn)
 B - a +0 pair of boots (worn)
Jewellery
 g - a ring of the Octopus King {AC+1 EV+1 Str+1 Int+1 Dex+1 SInv}
   (You found it on level 4 of the Dungeon)

   [ring of see invisible]

   AC:        It affects your AC (+1).
   EV:        It affects your evasion (+1).
   Str:       It affects your strength (+1).
   Int:       It affects your intelligence (+1).
   Dex:       It affects your dexterity (+1).
   SInv:      It lets you see invisible.
 s - a ring of protection from fire
 v - a ring of positive energy
 E - a +4 ring of slaying (right hand)
 I - a +4 ring of evasion (left hand)
 K - an amulet of magic regeneration
 N - a +6 ring of strength
 R - an amulet of faith
 S - a ring of flight
 U - a ring of protection from fire
 W - a ring of protection from cold
Wands
 i - a wand of acid (19)
 C - a wand of paralysis (10)
 J - a wand of polymorph (8)
 Q - a wand of iceblast (9)
Scrolls
 a - 5 scrolls of teleportation
 o - 3 scrolls of identify
 w - 3 scrolls of enchant armour
 D - 3 scrolls of holy word
 F - a scroll of acquirement
 H - a scroll of enchant weapon
 L - 2 scrolls of fog
 M - 4 scrolls of fear
 V - a scroll of magic mapping
Potions
 e - a potion of might
 j - 2 potions of ambrosia
 k - 10 potions of curing
 r - 2 potions of mutation
 t - 7 potions of flight
 u - 2 potions of haste
 x - 3 potions of berserk rage
 z - 3 potions of resistance
 T - a potion of invisibility
Miscellaneous
 G - a box of beasts


   Skills:
 + Level 13.1 Fighting
 - Level 16.0 Axes
 - Level 5.0 Throwing
 + Level 10.1 Armour
 - Level 2.1 Dodging
 * Level 7.3 Shields
 - Level 1.1 Spellcasting
 - Level 8.0 Evocations


You had 14 spell levels left.
You didn't know any spells.
Your spell library was empty.

Dungeon Overview and Level Annotations

Branches:
Dungeon (14/15)            Temple (0/1) D:7            Lair (5/6) D:10
 Shoals (0/4) Lair:2       Spider (0/4) Lair:2          Orc (0/2) D:9
 Vaults (0/5) D:13        Ossuary (visited)
  Slime: Lair:5-6

Altars:
Fedhas

Shops:
D:6 (   D:7 *   D:9 =   D:11 *   D:12 (

Portals:
Trove: D:12 (give 5 scrolls of fog)

Annotations:
D:13 1 transporter, Ideihu's ghost, journeyman DjFE


Innate Abilities, Weirdness & Mutations

You are resistant to damage.
You can heal yourself by infusing magical energy.
You passively map the area around you.
You do not regenerate.


Message History

The ball of steam misses you.
You hear an angry hiss. x3
You slash the rime drake!
You kill the rime drake!
Trog accepts your kill.
You slash the rime drake! You slash the steam dragon!
You kill the steam dragon!
Trog accepts your kill.
The steam dragon scales are intact enough to wear.
You are engulfed in a cloud of scalding steam.
The ice encasing you melts away.
A rime drake comes into view.
The rime drake bites you but does no damage.
You slash the rime drake!
The rime drake is almost dead.
You are engulfed in a cloud of scalding steam.
The rime drake breathes ice at you. The flash freeze hits you!!
* * * LOW HITPOINT WARNING * * *
You are encased in ice.
A red film seems to cover your vision as you go berserk!
You feel yourself moving faster!
You feel mighty!
You are engulfed in a cloud of scalding steam.
You block the rime drake's attack.
You barely miss the steam dragon. You slash the rime drake!
You kill the rime drake!
Trog accepts your kill.
You are engulfed in a cloud of scalding steam.
Your skin stops crawling.
You feel less strong-willed. You block the steam dragon's attack.
The steam dragon barely misses you.
You slash the steam dragon!
The steam dragon is heavily wounded.
You are engulfed in a cloud of scalding steam.
You slice the steam dragon!!
You kill the steam dragon!
Trog accepts your kill. The ice encasing you melts away.
The rime drake breathes ice at you. The flash freeze hits you!!
You die...

#........## ,
, ##........#
#........##
#........# *
#...†..P.## ,
#......P..#
#.#........##
,
#######.....#
* *#.[@†.# *
* #≈....## *,
#....k..# * ,
* #.......# ,
##....### , ,
* ,...... , ,
≈#..§... * ,
.≈§.8.#* , ,*
≈ ≈, ** ,,,


You could see a rime drake (catching breath).

Vanquished Creatures
  Azrael (D:12)
  Snorg (Lair:4)
  An ice dragon (Lair:4)
  5 hydras
  A centaur warrior (D:13)
  3 boulder beetles
  Erica (Lair:2)
  5 death yaks (D:10)
  2 two-headed ogres
  Urug (D:11)
  4 skeletal warriors
  A deep elf zephyrmancer (D:7)
  An ugly thing (D:11)
  2 cyclopes (D:12)
  2 torpor snails
  A black mamba (Lair:5)
  7 cane toads
  6 gargoyles (D:7)
  5 rime drakes
  5 komodo dragons
  A guardian mummy (D:12)
  3 trolls (D:12)
  Prince Ribbit (D:8)
  10 blink frogs (Lair:3)
  3 dream sheep (Lair:3)
  3 slime creatures (D:11)
  A redback (Lair:2)
  3 wraiths
  3 wyverns
  A shadow (D:9)
  32 yaks
  3 fire elementals (D:12)
  3 basilisks
  5 steam dragons
  6 vampire mosquitoes
  2 acid dragons
  3 hell hounds (D:12)
  2 water moccasins
  10 orc warriors
  2 black bears
  A necrophage (D:7)
  2 ice beasts
  10 centaurs
  5 ogres
  4 wolves (Lair:1)
  A kobold brigand (D:8)
  3 bullfrogs
  A gnoll sergeant (D:8)
  13 scorpions
  A water moccasin zombie (D:7)
  4 killer bees (D:8)
  4 wights (D:6)
  3 electric eels (Lair:3)
  4 howler monkeys
  6 centaur zombies
  2 jellies
  2 centaur skeletons (D:7)
  A gnoll shaman (D:7)
  3 human zombies (Ossuary)
  8 orc priests
  4 iguanas
  2 scorpion zombies (Ossuary)
  17 orc wizards
  4 hell rats (Lair:4)
  A killer bee zombie (D:8)
  A hound skeleton (D:4)
  3 mummies (Ossuary)
  15 gnolls
  2 howler monkey zombies
  4 adders
  4 white imps
  An adder skeleton (D:4)
  A dart slug (D:3)
  37 orcs
  11 endoplasms
  3 giant cockroaches (D:2)
  5 hobgoblins
  9 jackals
  2 quokkas
  6 ball pythons
  6 bats
  4 frilled lizards
  4 gnoll zombies (Ossuary)
  A goblin (D:3)
  3 goblin zombies (Ossuary)
  A hobgoblin zombie (Ossuary)
  6 kobolds
  2 orc zombies (Ossuary)
  5 rats
394 creatures vanquished.

Vanquished Creatures (others)
  A yak (D:9)
  An orc wizard (D:6)
  12 fungi
  18 plants
32 creatures vanquished.

Grand Total: 426 creatures vanquished

Notes
Turn   | Place    | Note
-------+----------+-------------------------------------------
     0 | D:1      | snarfax the Deep Dwarf Berserker began the quest for the
                  | Orb.
     0 | D:1      | Reached XP level 1. HP: 20/20 MP: 1/1
    65 | D:1      | Reached skill level 4 in Axes
    65 | D:1      | Reached XP level 2. HP: 14/27 MP: 2/2
   301 | D:1      | Found a faded altar of an unknown god.
   494 | D:1      | Reached ** piety under Trog
   623 | D:1      | Reached XP level 3. HP: 31/33 MP: 3/3
   662 | D:1      | Upgraded the game from 0.28-a0-1130-gc51a68064b to
                  | 0.28-a0-1143-gcf6077d4cc
   662 | D:1      | Upgraded the game from 0.28-a0-1143-gcf6077d4cc to
                  | 0.28-a0-1152-g9c71ebef14
  1018 | D:2      | Reached skill level 5 in Axes
  1277 | D:3      | Reached XP level 4. HP: 22/40 MP: 4/4
  1298 | D:3      | Reached skill level 6 in Axes
  1353 | D:3      | Found a blossoming altar of Fedhas.
  1557 | D:3      | Reached XP level 5. HP: 33/46 MP: 5/5
  1833 | D:4      | Noticed an orc warrior
  1833 | D:4      | Found the ring of the Octopus King
  2103 | D:4      | Found a sand-covered staircase.
  2112 | Ossuary  | Entered an ossuary
  2137 | Ossuary  | Reached skill level 7 in Axes
  2156 | Ossuary  | Reached XP level 6. HP: 26/55 MP: 5/5
  2230 | Ossuary  | Reached *** piety under Trog
  2254 | Ossuary  | Reached skill level 8 in Axes
  2349 | Ossuary  | Reached XP level 7. HP: 30/61 MP: 6/6
  2373 | Ossuary  | Reached skill level 9 in Axes
  2451 | Ossuary  | Reached skill level 10 in Axes
  2556 | Ossuary  | Identified a scroll of acquirement
  2556 | Ossuary  | Acquired 1027 gold pieces
  2752 | D:4      | Reached XP level 8. HP: 51/68 MP: 7/7
  2800 | D:4      | Reached skill level 11 in Axes
  2815 | D:4      | Identified a ring of the Octopus King {AC+1 EV+1 Str+1
                  | Int+1 Dex+1 SInv}
  3299 | D:5      | Entered Level 5 of the Dungeon
  3485 | D:5      | Reached skill level 12 in Axes
  3516 | D:5      | Reached **** piety under Trog
  3567 | D:5      | You fall into a shaft and drop 2 floors!
  3668 | D:6      | Upgraded the game from 0.28-a0-1152-g9c71ebef14 to
                  | 0.28-a0-1159-g27aa881441
  3723 | D:6      | Reached skill level 13 in Axes
  3755 | D:6      | Gained mutation: You passively map the area around you.
                  | [Deep Dwarf growth]
  3755 | D:6      | Reached XP level 9. HP: 31/73 MP: 6/6
  4534 | D:6      | Noticed a seven-headed hydra
  4736 | D:6      | Found Detiwk's Antique Weapon Emporium.
  4748 | D:6      | Bought a twisted hand axe for 152 gold pieces
  4748 | D:6      | Identified the +3 hand axe of Meohas {protect, rC+ rN+}
                  | (You bought it in a shop on level 6 of the Dungeon)
  4807 | D:6      | Identified the +11 war axe of Geroamm {vorpal, rPois rCorr
                  | Dex+2 SInv}
  5073 | D:6      | Killed a one-headed hydra
  5074 | D:6      | Reached skill level 14 in Axes
  5102 | D:7      | Found Fuqatakh's Assorted Antiques.
  5106 | D:7      | Bought a scroll of identify for 40 gold pieces
  5106 | D:7      | Bought a scroll of identify for 40 gold pieces
  5493 | D:7      | Found a staircase to the Ecumenical Temple.
  5511 | D:7      | Reached ***** piety under Trog
  5512 | D:7      | Reached XP level 10. HP: 70/81 MP: 4/4
  5554 | D:7      | Noticed a gargoyle
  5555 | D:7      | Killed a gargoyle
  5562 | D:7      | Noticed a gargoyle
  5567 | D:7      | Killed a gargoyle
  5578 | D:7      | Noticed a gargoyle
  5583 | D:7      | Killed a gargoyle
  5591 | D:7      | Noticed a gargoyle
  5592 | D:7      | Killed a gargoyle
  5606 | D:7      | Noticed a gargoyle
  5615 | D:7      | Killed a gargoyle
  5626 | D:7      | Noticed a gargoyle
  5639 | D:7      | Killed a gargoyle
  5640 | D:7      | Reached skill level 15 in Axes
  5720 | D:7      | Noticed a deep elf zephyrmancer
  5729 | D:7      | Killed a deep elf zephyrmancer
  6082 | D:8      | Reached skill level 10 in Armour
  6092 | D:8      | Noticed Prince Ribbit
  6105 | D:8      | Killed Prince Ribbit
  6474 | D:9      | Received a gift from Trog
  6475 | D:9      | Reached XP level 11. HP: 63/88 MP: 3/3
  6486 | D:9      | Found Niop's Jewellery Shop.
  6493 | D:9      | Bought a +4 ring of slaying for 1014 gold pieces
  6552 | D:9      | Reached skill level 16 in Axes
  6991 | D:9      | Found a staircase to the Orcish Mines.
  7053 | D:9      | Reached skill level 5 in Fighting
  7329 | D:10     | Entered Level 10 of the Dungeon
  7368 | D:10     | Noticed a death yak
  7369 | D:10     | Noticed a death yak
  7384 | D:10     | Killed a death yak
  7399 | D:10     | Noticed a death yak
  7400 | D:10     | Noticed a death yak
  7400 | D:10     | Noticed a death yak
  7415 | D:10     | Killed a death yak
  7420 | D:10     | Killed a death yak
  7428 | D:10     | Killed a death yak
  7437 | D:10     | Killed a death yak
  7480 | D:10     | Found a staircase to the Lair.
  7764 | D:11     | Reached skill level 1 in Evocations
  7776 | D:11     | Found Fatotiaq's Assorted Antiques.
  7777 | D:11     | Noticed a boulder beetle
  7798 | D:11     | Killed a boulder beetle
  7801 | D:11     | Bought a scroll labelled TEWE ALLOY for 26 gold pieces
  7801 | D:11     | Bought a scroll labelled FOCACE IBIYNNO for 26 gold pieces
  8109 | D:11     | Reached XP level 12. HP: 87/114 MP: 3/3
  8145 | D:11     | Noticed a boulder beetle
  8155 | D:11     | Killed a boulder beetle
  8156 | D:11     | Reached skill level 5 in Evocations
  8191 | D:11     | Noticed a two-headed ogre
  8197 | D:11     | Killed a two-headed ogre
  8645 | D:11     | Reached skill level 1 in Throwing
  8656 | D:12     | Noticed Urug
  9036 | D:12     | Found Syesime's Weapon Shoppe.
  9062 | D:12     | Noticed Azrael
  9072 | D:12     | Received a gift from Trog
  9081 | D:12     | Killed Azrael
  9406 | D:11     | Killed Urug
  9407 | D:11     | Reached skill level 10 in Fighting
  9452 | D:12     | Noticed a two-headed ogre
  9481 | D:12     | Killed a two-headed ogre
  9657 | D:12     | Reached skill level 5 in Throwing
  9713 | D:12     | Reached skill level 1 in Spellcasting
  9840 | D:12     | Found a portal to a secret trove of treasure.
 10015 | D:13     | Found a transporter.
 10015 | D:13     | Noticed Ideihu's ghost (journeyman DjFE)
 10027 | D:13     | Noticed a centaur warrior
 10055 | D:13     | Killed a centaur warrior
 10200 | D:13     | Found a gate to the Vaults.
 10200 | D:13     | Noticed a seven-headed hydra
 10200 | D:13     | Noticed a six-headed hydra
 10200 | D:13     | Noticed a vault guard
 10200 | D:13     | Noticed a boulder beetle
 10200 | D:13     | Noticed a vault guard
 10200 | D:13     | Noticed a vault guard
 10200 | D:13     | Noticed a two-headed ogre
 10200 | D:13     | Noticed a vault guard
 10200 | D:13     | Noticed an eight-headed hydra
 10200 | D:13     | Noticed a centaur warrior
 10324 | Lair:1   | Entered Level 1 of the Lair of Beasts
 10335 | Lair:1   | Reached XP level 13. HP: 77/127 MP: 2/2
 11043 | Lair:2   | Found a hole to the Spider Nest.
 11218 | Lair:2   | Found a staircase to the Shoals.
 11473 | Lair:2   | Noticed Erica
 11482 | Lair:2   | Killed Erica
 12191 | Lair:3   | Reached skill level 1 in Shields
 12936 | Lair:4   | Noticed Snorg
 12943 | Lair:4   | Killed Snorg
 12964 | Lair:4   | Reached skill level 5 in Shields
 13797 | Lair:5   | Killed from afar by a rime drake

Illustrated notes

Levels and vault maps discovered:
D:1:      eino_arrival_water_star, layout_loops_ring,
          ebering_ecumenical_altar_mist
D:2:      layout_rooms, minivault_19
D:3:      layout_basic, fedhas_altar_1, chequers_serial_rivers_micro_d
D:4:      layout_basic, enter_ossuary_1
D:5:      layout_basic
D:6:      layout_loops_ring, serial_shops, shop_fountains, minmay_microvault
D:7:      cheibrodos_statue_roulette, layout_basic, minmay_temple_entry_glass,
          serial_shops, nicolae_shop_behind_doors, guppyfry_early_elven_hall
D:8:      layout_cave_pools, uniq_prince_ribbit1
D:9:      layout_loops_ring, david_orc_4, minmay_shop_enchanted_jewellery,
          nrook_uturn
D:10:     layout_gridville, dpeg_lair_monsters
D:11:     layout_grid_maze, serial_shops, shop
D:12:     layout_cave_pools, nicolae_trove_entry_path_of_doom, serial_shops,
          shop_statue, uniq_azrael, uniq_urug
D:13:     layout_loops_ring, lightli_vaults_fourway_checkpoint,
          gammafunk_ghost_stat_death
D:14:     layout_long_grid, kennysheep_cross_room, portal_ice_cave_entry_dragon,
          chequers_serial_rivers_small_a
Lair:1:   layout_gridlike
Lair:2:   layout_layer_cave, shoals_dummy_entry, spider_nest_entry_webs,
          serial_rivers, chequers_serial_rivers_micro_e,
          chequers_serial_rivers_marsh, chequers_serial_rivers_large_a,
          chequers_serial_rivers_small_b, chequers_serial_rivers_room_b,
          chequers_serial_rivers_micro_a, uniq_erica
Lair:3:   layout_regular_city, serial_bayou_lagoon_b
Lair:4:   layout_gridlike, bobbens_ice_dragon_lair, grunt_megastairs_4,
          uniq_snorg
Lair:5:   layout_hall_layers, minmay_slime_entry_oklob_enclosed,
          bobbens_dragon_lair_wall

Skill      XL: |  1  2  3  4  5  6  7  8  9 10 11 12 13 |
---------------+----------------------------------------+-----
Axes           | 4 5 6 7 8 10 13 14 15 16 | 16.0
Armour         | 7 10 | 10.1
Fighting       | 9 11 13 | 13.1
Evocations     | 4 8 |  8.0
Throwing       | 5 |  5.0
Spellcasting   | 1 |  1.1
Shields        | 7 |  7.3
Dodging        | |  2.1

Action                   |  1- 3 |  4- 6 |  7- 9 | 10-12 | 13-15 || total
-------------------------+-------+-------+-------+-------+-------++-------
Melee: Hand axe          |   141 |   138 |   417 |       |    57 ||   753
       War axe           |       |       |    27 |   408 |   178 ||   613
Throw: Stone             |     5 |       |       |       |       ||     5
       Boomerang         |    35 |    49 |    38 |    11 |       ||   133
       Dart              |       |       |    15 |    27 |       ||    42
Invok: Berserk           |       |       |     1 |       |     2 ||     3
       Trog's Hand       |       |       |       |    16 |    13 ||    29
 Abil: Heal Wounds       |     1 |     4 |    29 |    23 |     6 ||    63
  Use: Scroll            |     1 |     1 |    15 |    10 |     1 ||    28
       Potion            |       |       |       |     3 |     2 ||     5
Armor: Animal skin       |    12 |       |       |       |       ||    12
       Scale mail        |    51 |    19 |       |       |       ||    70
       Plate armour      |       |    34 |   136 |   152 |    61 ||   383
Dodge: Dodged            |    80 |    39 |   133 |   110 |    58 ||   420
Block: Kite shield       |       |       |       |       |    48 ||    48

Table legend: (Time is in decaauts)
 A = Elapsed time spent in this place.
 B = Non-inter-level travel time spent in this place.
 C = Inter-level travel time spent in this place.
 D = Time resting spent in this place.
 E = Time spent auto-exploring this place.
 F = Levels seen in this place.
 G = Mean time per level.
                   A        B        C        D        E       F      G
               +--------+--------+--------+--------+--------+-----+--------+
         Total |  13601 |  12790 |    811 |    409 |   8391 |  20 |  680.0 |
       Dungeon |   9632 |   8879 |    753 |    316 |   5653 |  14 |  688.0 |
          Lair |   3451 |   3393 |     58 |     92 |   2737 |   5 |  690.2 |
       Ossuary |    517 |    517 |      0 |      0 |      0 |   1 |  517.0 |
               +--------+--------+--------+--------+--------+-----+--------+

Top non-repeatable levels by time:
    D:11: 1454 daAuts
  Lair:2: 959 daAuts
  Lair:4: 903 daAuts
     D:7: 878 daAuts
     D:4: 865 daAuts
     D:9: 855 daAuts
     D:6: 837 daAuts
  Lair:3: 831 daAuts
     D:5: 782 daAuts
    D:12: 776 daAuts
     D:1: 723 daAuts
     D:3: 670 daAuts
  Lair:1: 631 daAuts
     D:8: 560 daAuts
     D:2: 528 daAuts
